 Dungeon Crawl Stone Soup version 0.17-a0-124-gc3c9679 (console) character file.

266 Kellhus the Slasher (level 6, -1/47 HPs)
             Began as a Mummy Chaos Knight on Mar 22, 2015.
             Slain by an iguana (8 damage)
             ... on level 4 of the Dungeon.
             The game lasted 00:04:40 (3401 turns).

Kellhus the Slasher (Mummy Chaos Knight)            Turns: 3401, Time: 00:04:41

Health: -1/47      AC: 12    Str: 17    XL:     6   Next: 0%
Magic:  6/6        EV:  9    Int: 11    God:    Xom [...*..]
Gold:   140        SH:  0    Dex: 11    Spells: 0 memorised, 5 levels left

rFire  x . .     SeeInvis .     a - +0 falchion (chaos)
rCold  + . .     Clarity  .     l - +4 scale mail
rNeg   + + +     SustAb   .     (no shield)
rPois  ∞         Gourm    .     k - +0 helmet
rElec  .         Spirit   .     (no cloak)
rCorr  .         Warding  .     (no gloves)
rMut   .         Stasis   .     f - +0 pair of boots
MR     .....                    (no amulet)
Stlth  ..........               (no ring)
                                (no ring)

@: not resistant to hostile enchantments, extremely unstealthy
A: no food or potions, fire vulnerability, restore body, cold resistance 1,
negative energy resistance 3, poison resistance, torment resistance, unbreathing
a: Renounce Religion


You were on level 4 of the Dungeon.
You worshipped Xom.
You were a favourite toy of Xom.
You were not hungry.

You visited 1 branch of the dungeon, and saw 4 of its levels.

You collected 140 gold pieces.

Inventory:

Hand weapons
 a - a +0 falchion of chaos (weapon)
Armour
 b - a +2 leather armour
 f - a +0 pair of boots (worn)
 k - a +0 helmet (worn)
 l - a +4 scale mail (worn)
Scrolls
 c - 5 scrolls of identify {unknown}
 d - 2 scrolls of remove curse {unknown}
 e - 2 scrolls of fear {unknown}
 g - 2 scrolls of amnesia {unknown}
 h - 2 scrolls of teleportation {unknown}
 i - a scroll of enchant armour {unknown}
 j - 2 scrolls of immolation {unknown}
 m - 2 scrolls of noise {unknown}
 n - a scroll of random uselessness {unknown}
 o - a scroll of enchant weapon {unknown}


   Skills:
 - Level 3.0 Fighting
 + Level 5.6 Long Blades
 - Level 1.5 Armour
 - Level 0.7 Dodging


You had 5 spell levels left.
You didn't know any spells.

Dungeon Overview and Level Annotations

Branches:
Dungeon (4/15)             Temple (0/1) D:4

Altars:
Dithmenos


Innate Abilities, Weirdness & Mutations

You do not eat or drink.
Your flesh is vulnerable to fire.
Your flesh is cold resistant.
You are immune to negative energy.
Your system is resistant to poisons.
You are immune to unholy pain and torment.
You can survive without breathing.


Message History

You hit the iguana but do no damage.
The iguana is lightly wounded.
The iguana completely misses you. The iguana closely misses you.
Unknown command.
You hit the iguana.
You heal the iguana.
The iguana is completely healed.
The iguana closely misses you.
Unknown command.
You barely miss the iguana. The iguana bites you! The iguana bites you.
* * * LOW HITPOINT WARNING * * *
Unknown command.
Unknown command.
Press: ? - help, v - describe, . - travel
Here: an iguana (berserk, fast, unusually strong)
The floor.
You hit the iguana but do no damage. The iguana barely misses you.
Unknown command.
You hit the iguana but do no damage.
There is a sudden explosion of sparks!
The iguana is moderately wounded.
The iguana bites you!
You die...

#.#.# .
#.#.## ..##
##.#..# ...#
####..#..#
...##
#.......#.#
....#
######..###
....#
##...##
....#
###..##l...#
###.@#
##.....#
###...#
#...# ##.>.
#


You could see an iguana (berserk).

Vanquished Creatures
  A scorpion (D:3)
  A worker ant (D:4)
  Ijyb (D:2)
  Terence (D:3)
  Robin (D:3)
  3 gnolls (D:2)
  3 adders
  A giant mite (D:2)
  A worm (D:2)
  2 giant geckos
  2 oozes
  3 orcs (D:4)
  2 bats
  5 giant cockroaches
  12 hobgoblins
  5 jackals
  9 kobolds
  A quokka (D:2)
  2 giant newts
  17 goblins
  A jackal skeleton (D:4)
  5 rats
79 creatures vanquished.

Vanquished Creatures (collateral kills)
  An adder (D:2)
  A ball python (D:2)
  A giant newt zombie (D:2)
  A rat (D:2)
4 creatures vanquished.

Grand Total: 83 creatures vanquished

Notes
Turn   | Place    | Note
--------------------------------------------------------------
     0 | D:1      | Kellhus, the Mummy Chaos Knight, began the quest for the Orb.
     0 | D:1      | Reached XP level 1. HP: 18/18 MP: 1/1
   215 | D:1      | XOM: harmless Fire miscast
   356 | D:1      | XOM is BORED!
   356 | D:1      | XOM: noise
   435 | D:1      | Reached XP level 2. HP: 24/24 MP: 2/2
   536 | D:1      | XOM: divination: detect creatures
   755 | D:2      | Reached XP level 3. HP: 22/29 MP: 3/3
   771 | D:2      | Noticed Ijyb
   776 | D:2      | XOM: cast spell 'Blink'
   780 | D:2      | XOM: confuse monster(s)
   782 | D:2      | XOM: chaos upgrade
   804 | D:2      | Killed Ijyb
  1086 | D:2      | Reached skill level 4 in Long Blades
  1086 | D:2      | Reached XP level 4. HP: 35/35 MP: 4/4
  1165 | D:2      | XOM: mild Trmt miscast
  1283 | D:2      | XOM: smoke on damage
  1684 | D:2      | Found a shadowy altar of Dithmenos.
  1970 | D:2      | XOM: god gift: cyan potion
  2030 | D:3      | Noticed Robin
  2153 | D:3      | XOM: god gift: 19 silver sling bullets
  2226 | D:3      | Killed Robin
  2226 | D:3      | Reached XP level 5. HP: 25/41 MP: 5/5
  2395 | D:3      | Noticed Terence
  2409 | D:3      | Killed Terence
  2448 | D:3      | Reached skill level 5 in Long Blades
  2696 | D:3      | XOM: confuse monster(s)
  2840 | D:4      | Found a staircase to the Ecumenical Temple.
  3265 | D:4      | Reached XP level 6. HP: 47/47 MP: 6/6
  3401 | D:4      | Slain by an iguana

Action                   |  1- 3 |  4- 6 || total
-------------------------+-------+-------++-------
Melee: Falchion          |    80 |   249 ||   329
 Stab: Confused          |       |     3 ||     3
